 Dungeon Crawl Stone Soup version 0.21.1-1-g345015fe64 (webtiles) character file.

23 Peloso the Covered (level 2, 0/27 HPs)
             Began as a Deep Dwarf Fighter on Apr 2, 2018.
             Slain by an adder (1 damage)
             ... on level 2 of the Dungeon.
             The game lasted 00:02:17 (959 turns).

Peloso the Covered (Deep Dwarf Fighter)              Turns: 959, Time: 00:02:17

Health: 0/27       AC:  7    Str: 19    XL:     2   Next: 75%
Magic:  2/2        EV:  7    Int:  8    God:
Gold:   53         SH:  9    Dex: 12    Spells: 1/1 levels left

rFire    . . .     SeeInvis .   l - +0 dagger (vamp)
rCold    . . .     Gourm    .   c - +0 shield
rNeg     . . .     Faith    .   b - +0 scale mail
rPois    .         Spirit   .   (no helmet)
rElec    .         Reflect  .   (no cloak)
rCorr    .         Harm     .   (no gloves)
MR       .....                  (no boots)
Stlth    ..........             (no amulet)
HPRegen  0.00/turn              (no ring)
MPRegen  0.08/turn              (no ring)

@: non-regenerating, hasted, very quick
A: damage resistance, heal wounds, sense surroundings 1, no regeneration
a: Heal Wounds


You were on level 2 of the Dungeon.
You were not hungry.

You visited 1 branch of the dungeon, and saw 2 of its levels.

You collected 53 gold pieces.

Inventory:

Hand Weapons
 a - a +0 long sword
 l - a +0 vampiric dagger (weapon)
Armour
 b - a +0 scale mail (worn)
 c - a +0 shield (worn)
Scrolls
 i - 4 scrolls of teleportation {unknown}
 j - 2 scrolls of enchant armour {unknown}
Potions
 d - a potion of might
 e - a potion of haste
 g - 2 potions of flight {unknown}
 h - a potion of agility {unknown}
 k - a potion of lignification {unknown}
 n - a potion of curing {unknown}
 o - a potion of degeneration {unknown}
 p - a potion of magic {unknown}
Comestibles
 f - a ration


   Skills:
 + Level 2.9 Fighting
 + Level 2.1 Long Blades
 + Level 3.8 Armour
 + Level 3.6 Shields


You had one spell level left.
You didn't know any spells.

Dungeon Overview and Level Annotations

Branches:
Dungeon (2/15)

Altars:
Fedhas


Innate Abilities, Weirdness & Mutations

You are resistant to damage.
You can heal yourself by infusing magical energy.
You passively map a small area around you.
You do not regenerate.


Message History

The bat hits you but does no damage.
The kobold throws a stone.
The stone closely misses you. You block the bat's attack.
You see here a stone.
You block the bat's attack. x2
Found a stone staircase leading down.
The bat hits you but does no damage. x2
You block the bat's attack. You block the gnoll's attack.
You hit the kobold.
You feel better.
The kobold is severely wounded.
The bat hits you but does no damage. The kobold closely misses you.
You block the adder's attack. The bat barely misses you.
The gnoll hits you with a flail.
* * * LOW HITPOINT WARNING * * *
The gnoll hits you from afar with a spear.
* * * LOW HITPOINT WARNING * * *
It was a potion of haste.
You feel yourself speed up. You block the bat's attack. The adder bites you.
You block the gnoll's attack. The kobold hits you but does no damage.
The bat hits you but does no damage. The adder bites you.
You die...
P...###....#####...g......# .PP

#..............#..####
* P_ ,
...........#.####.## P
.#..........#w......#
.##...#..............#
* ..
#..#_#.....#.....(...
##>..#.b.gg.........#.
,
........gg..........#
, #....K@S.(.#########
, #......b...# * **
.....######## * .... *
* , ### , , ,, ,,, *
** * , , , , , , ,


You could see a worm, 4 gnolls, an adder, 2 bats and a kobold.

Vanquished Creatures
  A leopard gecko (D:1)
  6 bats
  5 giant cockroaches
  A goblin (D:1)
  4 hobgoblins (D:1)
  A kobold (D:1)
  2 rats (D:1)
20 creatures vanquished.

Notes
Turn   | Place    | Note
-------+----------+-------------------------------------------
     0 | D:1      | Peloso the Deep Dwarf Fighter began the quest for the Orb.
     0 | D:1      | Reached XP level 1. HP: 20/20 MP: 1/1
   148 | D:1      | Reached XP level 2. HP: 24/27 MP: 2/2
   883 | D:2      | Found a blossoming altar of Fedhas.
   952 | D:2      | Found a faded altar of an unknown god.
   958 | D:2      | HP: 1/27 [gnoll/spear (4)]
   959 | D:2      | Slain by an adder

Action                   || total
-------------------------++-------
Melee: Long sword        ||    78
       Dagger            ||    29
  Use: Potion            ||     1
  Eat: Ration            ||     2
Armor: Scale mail        ||   102
Dodge: Dodged            ||    69
Block: Shield            ||   114
       Rpst.: Long sword ||     6
